 Dungeon Sprint DCSS version 0.29-a0-789-g7a8fcbc185 (webtiles) character file.

Game seed: 15409335962689824441

9431 mhtbhm the Imperceptible (level 11, -1/56 HPs)
             Began as a Spriggan Enchanter on July 2, 2022.
             Was an Initiate of Gozag.
             Slain by a catoblepas (5 damage)
             ... while petrified by a catoblepas
             ... in the Dungeon (Sprint IX: "|||||||||||||||||||||||||||||").
             The game lasted 00:04:45 (2297 turns).

mhtbhm the Imperceptible (Spriggan Enchanter)       Turns: 2297, Time: 00:04:46

Health: -1/56      AC:  3    Str:  4    XL:     11   Next: 22%
Magic:  28/29      EV:  4    Int: 18    God:    Gozag
Gold:   3361       SH:  0    Dex: 22    Spells: 26/37 levels left

rFire   . . .      SeeInvis +   a - +2 rapier (venom)
rCold   . . .      Faith    .   (no shield)
rNeg    + + +      Spirit   .   b - +0 robe
rPois   ∞          Reflect  .   (helmet restricted)
rElec   .          Harm     .   k - +0 cloak
rCorr   .          Rampage  .   (gloves unavailable)
Will    +....      NoTele   +   (boots unavailable)
Stlth   ++++++++..              (no amulet)
HPRegen 0.18/turn               l - +3 ring of dexterity
MPRegen 0.21/turn               m - +2 ring of evasion

@: petrified, very quick
A: very small, no large weapons, unfitting armour, see invisible, speed 3
a: Renounce Religion, Potion Petition, Call Merchant, Bribe Branch


You were in the Dungeon.
You worshipped Gozag.
Gozag was most pleased with you.
You visited 1 branch You collected 3361 gold pieces.

Inventory:

Hand Weapons
 a - a +2 rapier of venom (weapon)
Armour
 b - a +0 robe (worn)
 k - a +0 cloak (worn)
Magical Staves
 p - a staff of cold
Jewellery
 l - a +3 ring of dexterity (left hand)
 m - a +2 ring of evasion (right hand)
Wands
 j - a wand of quicksilver (9)
Scrolls
 h - 2 scrolls of amnesia
 i - 3 scrolls of blinking
 q - 2 scrolls of fog
 r - 2 scrolls of enchant armour
 s - a scroll of identify
Potions
 c - 2 potions of invisibility
 d - 3 potions of heal wounds
 e - 5 potions of curing
 f - 3 potions of haste
 g - 4 potions of magic
 n - a potion of resistance
 o - 2 potions of berserk rage


   Skills:
 + Level 5.7 Fighting
 + Level 11.4 Short Blades
 + Level 11.9 Dodging
 + Level 22.0 Stealth
 + Level 13.5 Spellcasting
 + Level 0.2 Conjurations
 + Level 14.1 Hexes
 + Level 7.8 Ice Magic
 + Level 1.1 Evocations


You had 26 spell levels left.
You knew the following spells:

 Your Spells              Type           Power      Damage    Failure   Level
a - Ensorcelled Hibernat  Hex/Ice        100%       N/A       1%          2
b - Confusing Touch       Hex            58%        N/A       1%          3
c - Tukima's Dance        Hex            58%        N/A       1%          3
d - Dazzling Flash        Conj/Hex       76%        N/A       1%          3

Your spell library contained the following spells:

 Spells                   Type           Power      Damage    Failure   Level
 Apportation              Tloc           24%        N/A       5%          1
 Necrotize                Necr           48%        1d6       5%          1
 Summon Small Mammal      Summ           48%        N/A       5%          1


Dungeon Overview and Level Annotations

Branches:
Dungeon (1/1)

Altars:
Cheibriados
Dithmenos
Elyvilon
Fedhas
Gozag
Hepliaklqana
Kikubaaqudgha
Makhleb
Nemelex Xobeh
Okawaru
Qazlal
Ru
Sif Muna
Trog
Uskayaw
Vehumet
Wu Jian
Xom
Yredelemnul
Zin
The Shining One
Jiyva
Lugonu


Innate Abilities, Weirdness & Mutations

You are very small and have problems with some larger weapons.
You are too small for most types of armour.
You have supernaturally acute eyesight. (SInv)
You cover ground extremely quickly. (Speed+++)


Message History

Aiming: Ensorcelled Hibernation (safe; 1% risk of failure)
Press: ? - help, Shift-Dir - straight line, f/p - catoblepas
Aim: a catoblepas (chance to affect: 10%)
The catoblepas resists with almost no effort.
The catoblepas breathes a plume of calcifying dust at you.
The blast of calcifying dust hits you but does no damage.
You are engulfed in calcifying dust.
You are slowing down.
Unknown command.
Your limbs are stiffening.
There is an open door here.
Unknown command.
You have turned to stone.
The catoblepas breathes a plume of calcifying dust at you.
The blast of calcifying dust hits you!
You are engulfed in calcifying dust. x3
The catoblepas breathes a plume of calcifying dust at you.
The blast of calcifying dust hits you!
You are engulfed in calcifying dust. x2
The catoblepas gores you! The catoblepas gores you!!
You turn to flesh and can move again.
Unknown command.
Unknown command.
The catoblepas breathes a plume of calcifying dust at you.
The blast of calcifying dust hits you.
Unknown command.
You are engulfed in calcifying dust.
You are slowing down.
Your limbs are stiffening.
You have turned to stone.
The catoblepas gores you!!
* * * LOW HITPOINT WARNING * * *
The catoblepas gores you.
* * * LOW HITPOINT WARNING * * *
The catoblepas gores you!
* * * LOW HITPOINT WARNING * * *
The catoblepas gores you!
You die...
Your body crumbles into a pile of gold.

▓▓▓▓▓▓▓▓▓▓▓▓▓▓▓▓▓▓▓
▓<...)).÷.)'.....'_
▓▓▓▓▓▓▓▓▓▓▓▓▓▓▓▓▓▓▓
▓.@................
▓Y▓▓▓▓▓▓▓▓▓▓▓▓▓▓▓▓▓
▓..§§§§Y'.....Y..Y.
▓▓▓▓▓▓▓▓▓▓▓▓▓▓▓▓▓▓▓


$$$$ You could see a catoblepas.

Vanquished Creatures
  2 hydras (D)
  2 centaur warriors (D)
  4 death yaks (D)
  A two-headed ogre (D)
  An ugly thing (D)
  A cane toad (D)
  An unseen horror (D)
  2 rime drakes (D)
  2 komodo dragons (D)
  A troll (D)
  A polar bear (D)
  A blink frog (D)
  5 yaks (D)
  A vampire mosquito (D)
  3 water moccasins (D)
  A wolf (D)
  A centaur (D)
  A kobold brigand (D)
  2 bullfrogs (D)
  2 killer bees (D)
  A hound (D)
  An orc priest (D)
  An iguana (D)
  A goblin (D)
  2 hobgoblins (D)
  A jackal (D)
  A quokka (D)
  2 rats (D)
45 creatures vanquished.

Notes
Turn   | Place    | Note
-------+----------+-------------------------------------------
     0 | D        | mhtbhm the Spriggan Enchanter began the quest for the Orb.
     0 | D        | Reached XP level 1. HP: 9/9 MP: 5/5
    15 | D        | Reached skill level 5 in Stealth
   108 | D        | Noticed an iguana
   108 | D        | Noticed a hound
   108 | D        | Noticed a centaur
   117 | D        | Killed an iguana
   118 | D        | Reached skill level 6 in Stealth
   118 | D        | Reached skill level 5 in Hexes
   118 | D        | Reached XP level 2. HP: 14/14 MP: 5/7
   118 | D        | Reached XP level 3. HP: 17/17 MP: 6/9
   123 | D        | Reached skill level 7 in Stealth
   133 | D        | Killed a centaur
   134 | D        | Reached skill level 1 in Fighting
   134 | D        | Reached skill level 5 in Dodging
   134 | D        | Reached skill level 9 in Stealth
   134 | D        | Reached XP level 4. HP: 22/22 MP: 7/11
   134 | D        | Reached XP level 5. HP: 25/25 MP: 8/13
   142 | D        | Found a snail-covered altar of Cheibriados.
   142 | D        | Found a shadowy altar of Dithmenos.
   142 | D        | Found a white marble altar of Elyvilon.
   142 | D        | Found a blossoming altar of Fedhas.
   142 | D        | Found an opulent altar of Gozag.
   143 | D        | Found a hazy altar of Hepliaklqana.
   144 | D        | Found a viscous altar of Jiyva.
   145 | D        | Found an ancient bone altar of Kikubaaqudgha.
   146 | D        | Found a corrupted altar of Lugonu.
   147 | D        | Found a burning altar of Makhleb.
   148 | D        | Found a sparkling altar of Nemelex Xobeh.
   149 | D        | Found an iron altar of Okawaru.
   150 | D        | Found a stormy altar of Qazlal.
   151 | D        | Found a sacrificial altar of Ru.
   152 | D        | Found a shimmering blue altar of Sif Muna.
   153 | D        | Found a bloodstained altar of Trog.
   154 | D        | Found a hide-covered altar of Uskayaw.
   155 | D        | Found a radiant altar of Vehumet.
   156 | D        | Found an ornate altar of the Wu Jian Council.
   164 | D        | Became a worshipper of Gozag Ym Sagoz the Greedy
   172 | D        | Found a shimmering altar of Xom.
   173 | D        | Found a basalt altar of Yredelemnul.
   174 | D        | Found a glowing silver altar of Zin.
   175 | D        | Found a glowing golden altar of the Shining One.
   293 | D        | Noticed an unseen horror
   293 | D        | Noticed a yak
   311 | D        | Learned a level 2 spell: Ensorcelled Hibernation
   315 | D        | Learned a level 3 spell: Confusing Touch
   319 | D        | Learned a level 3 spell: Tukima's Dance
   323 | D        | Learned a level 3 spell: Dazzling Flash
   326 | D        | Reached skill level 10 in Stealth
   326 | D        | Reached skill level 5 in Spellcasting
   346 | D        | Reached skill level 11 in Stealth
   495 | D        | Reached skill level 5 in Short Blades
   495 | D        | Reached XP level 6. HP: 27/30 MP: 9/15
   561 | D        | Killed an unseen horror
   562 | D        | Reached skill level 12 in Stealth
   562 | D        | Reached XP level 7. HP: 35/35 MP: 14/18
   602 | D        | Killed a yak
   603 | D        | Reached skill level 13 in Stealth
   747 | D        | Noticed a troll
   747 | D        | Noticed a centaur warrior
   747 | D        | Noticed a red ugly thing
   747 | D        | Noticed a vampire mosquito
   747 | D        | Noticed a two-headed ogre
   747 | D        | Noticed a centaur warrior
   754 | D        | Killed a troll
   755 | D        | Reached skill level 10 in Hexes
   757 | D        | Killed a centaur warrior
   758 | D        | Reached skill level 10 in Dodging
   758 | D        | Reached skill level 15 in Stealth
   758 | D        | Reached XP level 8. HP: 42/42 MP: 14/21
   766 | D        | Killed a red ugly thing
   776 | D        | Reached skill level 16 in Stealth
   776 | D        | Reached XP level 9. HP: 45/45 MP: 10/23
   778 | D        | Killed a two-headed ogre
   779 | D        | Reached skill level 10 in Spellcasting
   779 | D        | Reached skill level 5 in Ice Magic
   781 | D        | Killed a centaur warrior
   782 | D        | Reached skill level 17 in Stealth
   985 | D        | Noticed a komodo dragon
   985 | D        | Noticed a rime drake
   985 | D        | Noticed a polar bear
   986 | D        | Noticed a cane toad
   996 | D        | Killed a komodo dragon
   997 | D        | Reached skill level 18 in Stealth
  1001 | D        | Killed a rime drake
  1002 | D        | Reached skill level 10 in Short Blades
  1002 | D        | Reached XP level 10. HP: 50/51 MP: 15/26
  1013 | D        | Killed a cane toad
  1014 | D        | Reached skill level 5 in Fighting
  1014 | D        | Reached skill level 19 in Stealth
  1146 | D        | Noticed a six-headed hydra
  1146 | D        | Noticed an eight-headed hydra
  1171 | D        | Killed a six-headed hydra
  1416 | D        | Reached skill level 20 in Stealth
  1443 | D        | Killed an eight-headed hydra
  1617 | D        | Noticed a death yak
  1617 | D        | Noticed a death yak
  1617 | D        | Noticed a death yak
  1617 | D        | Noticed a death yak
  1618 | D        | Noticed a catoblepas
  1619 | D        | Killed a death yak
  1620 | D        | Reached skill level 1 in Evocations
  1620 | D        | Noticed a death yak
  1627 | D        | Killed a death yak
  1628 | D        | Reached skill level 21 in Stealth
  1628 | D        | Reached XP level 11. HP: 56/56 MP: 25/29
  1852 | D        | HP: 2/56 [death yak (23)]
  1853 | D        | Killed a death yak
  2244 | D        | Killed a death yak
  2245 | D        | Reached skill level 22 in Stealth
  2297 | D        | Slain by a catoblepas

Illustrated notes

Levels and vault maps discovered:
D:        linesprint [early_d, line_temple, items_1, d_10, items_2, lair_1,
          lair_end, items_3, orc_1, orc_end, items_4, d_15, swamp_1, shoals_1,
          snake_1, spider_1, d_20, vaults_1, items_5, swamp_end, shoals_end,
          snake_end, spider_end, vaults_end, d_27, items_6, zot_1, zot_end,
          crypt_end, forest_end, elf_end, slime_end, tomb_end, abyss_end,
          pan_hell_end]

Skill      XL: |  1  2  3  4  5  6  7  8  9 10 11 |
---------------+----------------------------------+-----
Hexes          | 5 7 9 10 11 12 13 14 | 14.1
Dodging        | 3 5 7 8 10 11 | 11.9
Stealth        | 6 9 11 12 15 16 18 21 22 | 22.0
Spellcasting   | 3 4 5 6 8 9 11 13 | 13.5
Short Blades   | 2 3 5 6 8 10 11 | 11.4
Fighting       | 1 2 3 4 5 |  5.7
Ice Magic      | 2 3 4 5 7 |  7.8
Evocations     | 1 |  1.1
Conjurations   | |  0.2

Action                   |  1- 3 |  4- 6 |  7- 9 | 10-12 || total
-------------------------+-------+-------+-------+-------++-------
Melee: Dagger            |    35 |     1 |       |       ||    36
       Punch             |     1 |       |       |     1 ||     2
       Rapier            |       |    10 |    26 |    67 ||   103
 Cast: Ensorcelled Hiber |       |     8 |    11 |    22 ||    41
       Confusing Touch   |       |     1 |     2 |     2 ||     5
       Dazzling Flash    |       |       |       |    14 ||    14
Evoke: Wand              |       |       |       |     1 ||     1
  Use: Potion            |     4 |     1 |       |       ||     5
 Stab: Invisible         |     2 |     1 |       |     9 ||    12
       Sleeping          |       |     3 |     8 |     9 ||    20
       Distracted        |       |     1 |       |     2 ||     3
       Confused          |       |       |     2 |     1 ||     3
Armor: Robe              |     3 |     2 |     1 |     3 ||     9
Dodge: Dodged            |    45 |    20 |    11 |    65 ||   141

Table legend: (Time is in decaauts)
 A = Elapsed time spent in this place.
 B = Non-inter-level travel time spent in this place.
 C = Inter-level travel time spent in this place.
 D = Time resting spent in this place.
 E = Time spent auto-exploring this place.
 F = Levels seen in this place.
 G = Mean time per level.
                   A        B        C        D        E       F      G
               +--------+--------+--------+--------+--------+-----+--------+
         Total |   2008 |   2008 |      0 |    884 |    543 |   1 | 2008.0 |
       Dungeon |   2008 |   2008 |      0 |    884 |    543 |   1 | 2008.0 |
               +--------+--------+--------+--------+--------+-----+--------+

Top non-repeatable levels by time:
       D: 2008 daAuts
